 Dungeon Crawl Stone Soup version 0.28-a0-779-g3d1f99b579 (webtiles) character file.

Game seed: 2598875929512043617

2896 Draenge the Carver (level 9, 0/78 HPs)
             Began as a Minotaur Fighter on Nov 3, 2021.
             Was a Follower of the Shining One.
             Slain by an orc knight (8 damage)
             ... in a bailey.
             The game lasted 00:27:23 (6262 turns).

Draenge the Carver (Minotaur Fighter)               Turns: 6262, Time: 00:27:25

Health: 0/78       AC: 13    Str: 25    XL:     9   Next: 49%
Magic:  8/8        EV: 12    Int:  5    God:    the Shining One [*.....]
Gold:   327        SH: 10    Dex: 15    Spells: 8/8 levels left

rFire   . . .      SeeInvis .   a - +0 long sword (venom)
rCold   . . .      Faith    .   s - +0 kite shield
rNeg    . . .      Spirit   .   e - +3 ring mail
rPois   .          Reflect  .   (helmet restricted)
rElec   .          Harm     .   p - +1 cloak
rCorr   .          Rampage  .   (no gloves)
Will    +....                   f - +0 pair of boots
Stlth   +.........              c - amulet of regeneration
HPRegen 1.23/turn               j - ring of willpower
MPRegen 0.11/turn               q - +6 ring of dexterity

@: glowing, studying Summonings
A: horns 2, retaliatory headbutt
a: Renounce Religion, Divine Shield


You were in a bailey.
You worshipped the Shining One.
The Shining One was aware of your devotion.
You visited 2 branches of the dungeon, and saw 9 of its levels.
You also visited: Bailey.

You collected 411 gold pieces.
You spent 84 gold pieces at shops.

Inventory:

Hand Weapons
 a - a +0 long sword of venom (weapon)
Armour
 e - a +3 ring mail (worn)
 f - a +0 pair of boots (worn)
 p - a +1 cloak (worn)
 s - a +0 kite shield (worn)
Jewellery
 c - an amulet of regeneration (around neck)
 g - an amulet of the acrobat
 i - a +4 ring of protection
 j - a ring of willpower (left hand)
 l - a +6 ring of intelligence
 q - a +6 ring of dexterity (right hand)
Wands
 h - a wand of acid (11)
 u - a wand of flame (15)
Scrolls
 k - 2 scrolls of fog
 m - a scroll of teleportation
Potions
 b - 3 potions of curing
 d - 4 potions of might
 n - 2 potions of cancellation
 o - 3 potions of flight
 r - a potion of attraction
 t - 2 potions of brilliance


   Skills:
 + Level 6.6 Fighting
 + Level 9.9 Long Blades
 + Level 7.4 Armour
 + Level 5.4 Dodging
 + Level 1.9 Stealth
 + Level 7.0 Shields
 + Level 0.2 Evocations


You had 8 spell levels left.
You didn't know any spells.
Your spell library contained the following spells:

 Spells                   Type           Power      Damage    Failure   Level
 Animate Dead             Necr           0%         N/A       100%        4
 Haunt                    Necr/Summ      0%         N/A       100%        7
 Infestation              Necr           0%         N/A       100%        8


Dungeon Overview and Level Annotations

Branches:
Dungeon (8/15)             Temple (1/1) D:5          Bailey (1/1)
   Lair: D:8-11

Altars:
Cheibriados
Dithmenos
Elyvilon
Kikubaaqudgha
Makhleb
Nemelex Xobeh
Okawaru
Qazlal
Ru
Trog
Uskayaw
Vehumet
Wu Jian
Xom
Yredelemnul
The Shining One

Shops:
D:2 :   D:3 [   D:4 ?


Innate Abilities, Weirdness & Mutations

You have a pair of horns on your head.
You reflexively headbutt those who attack you in melee.


Message History

The orc warrior is severely wounded.
The orc warrior closely misses you. You block the orc warrior's attack.
The orc knight hits you with a +0 halberd!
The orc warrior barely misses you.
You hit the orc warrior but do no damage.
The orc warrior looks as sick as possible!
You headbutt the orc warrior.
The orc warrior is almost dead.
The orc warrior barely misses you. You block the orc warrior's attack.
You block the orc knight's attack. The orc warrior closely misses you.
You completely miss the orc warrior. Your headbutt misses the orc warrior.
The orc warrior is almost dead.
The orc warrior barely misses you.
The orc warrior hits you with a +0 glaive!
You block the orc knight's attack. You block the orc warrior's attack.
Unknown command.
You hit the orc warrior but do no damage.
The orc warrior is almost dead.
You kill the orc warrior!
You block the orc warrior's attack.
The orc knight hits you but does no damage.
The orc warrior misses you.
Your Shields skill increases to level 7!
You slash the orc knight!
The orc knight is lightly wounded.
You block the orc warrior's attack. You block the orc knight's attack.
You block the orc warrior's attack.
You slash the orc knight!
The orc knight is poisoned.
The orc knight is moderately wounded.
The orc warrior completely misses you.
The orc knight hits you with a +0 halberd!!
* * * LOW HITPOINT WARNING * * *
You block the orc warrior's attack.
You hit the orc knight but do no damage.
The orc knight looks as sick as possible!
The orc knight is moderately wounded.
The orc warrior hits you from afar with a +0 trident.
* * * LOW HITPOINT WARNING * * *
The orc knight hits you with a +0 halberd!
You die...

...≈≈≈≈≈....#########....≈≈≈≈≈...
...........##.......##...........
..........##..#'#'#..##..........
..........#..##)#)##..#......)...
.........##.#########.##.........
.........##.')#).?#)'.##.........
.....)...##.###.o.###.##......)..
.........##.))#o)o#)'.##.........
....)....##.####@####.##..)......
.........##..##∩)∩##..#..))......
.............##'''#..##...)......
.............##.....##...........
...≈≈≈≈≈.....##....##....≈≈≈≈≈...
..≈≈#.#.≈....#######....≈.#.#≈≈..
..≈##.∩#≈...............≈#∩.##≈..
..≈o.^..≈...............≈..^..≈..
..≈##.##≈...............≈##.##≈..


You could see an orc knight (extremely poisoned) and 2 orc warriors.

Vanquished Creatures
  Prince Ribbit (D:6)
  A steam dragon (D:7)
  2 water moccasins (D:7)
  7 orc warriors (Bailey)
  2 black bears
  An ice beast (D:7)
  A necrophage (D:5)
  3 ogres
  A phantom (D:5)
  A kobold brigand (D:7)
  A bullfrog (D:7)
  A scorpion (D:4)
  3 killer bees (D:5)
  A centaur zombie (D:7)
  A centaur skeleton (D:7)
  2 jellies
  A hound (D:5)
  4 orc priests
  A bullfrog skeleton (D:6)
  3 orc wizards
  An iguana (D:4)
  A killer bee zombie (D:7)
  3 hound skeletons
  4 gnolls (D:2)
  A howler monkey skeleton (D:5)
  8 adders
  A shadow imp (D:5)
  2 white imps
  An ufetubus (D:7)
  4 dart slugs
  24 orcs
  6 ball pythons
  4 endoplasms
  6 giant cockroaches
  10 goblins
  7 hobgoblins
  2 jackals (D:4)
  2 quokkas
  6 bats
  5 frilled lizards
  9 kobolds
  7 rats
152 creatures vanquished.

Vanquished Creatures (others)
  An orc (Bailey)
  7 plants (D:2)
8 creatures vanquished.

Grand Total: 160 creatures vanquished

Notes
Turn   | Place    | Note
-------+----------+-------------------------------------------
     0 | D:1      | Draenge the Minotaur Fighter began the quest for the Orb.
     0 | D:1      | Reached XP level 1. HP: 19/19 MP: 0/0
   169 | D:1      | Reached XP level 2. HP: 21/27 MP: 1/1
   481 | D:1      | Reached XP level 3. HP: 31/33 MP: 2/2
   776 | D:2      | Found Dyasib's Book Shop.
   902 | D:2      | Reached skill level 3 in Long Blades
  1203 | D:2      | Reached XP level 4. HP: 23/40 MP: 3/3
  1665 | D:3      | Found Fayh's Armour Shop.
  2203 | D:3      | Found a faded altar of an unknown god.
  2473 | D:4      | Reached skill level 4 in Long Blades
  2480 | D:4      | Noticed a scorpion
  2487 | D:4      | Killed a scorpion
  2488 | D:4      | Reached skill level 5 in Armour
  2488 | D:4      | Reached skill level 1 in Dodging
  2488 | D:4      | Reached XP level 5. HP: 47/47 MP: 4/4
  2549 | D:4      | Noticed a black bear
  2554 | D:4      | Killed a black bear
  2555 | D:4      | Reached skill level 5 in Long Blades
  2555 | D:4      | Reached XP level 6. HP: 51/53 MP: 5/5
  2571 | D:4      | Found Xazoilat's Magic Scroll Emporium.
  2584 | D:4      | Bought a scroll of fog for 28 gold pieces
  2584 | D:4      | Bought a scroll of noise for 14 gold pieces
  2584 | D:4      | Bought a scroll of teleportation for 42 gold pieces
  3074 | D:5      | Entered Level 5 of the Dungeon
  3074 | D:5      | Found a hide-covered altar of Uskayaw.
  3285 | D:5      | Found a staircase to the Ecumenical Temple.
  3301 | Temple   | Entered the Ecumenical Temple
  3412 | Temple   | Became a worshipper of the Shining One
  3488 | D:5      | Reached skill level 5 in Fighting
  3488 | D:5      | Reached skill level 6 in Long Blades
  3488 | D:5      | Reached XP level 7. HP: 34/61 MP: 6/6
  3844 | D:5      | Reached skill level 1 in Stealth
  4038 | D:5      | Reached skill level 7 in Long Blades
  4222 | D:6      | Reached XP level 8. HP: 69/69 MP: 7/7
  4288 | D:6      | Noticed Prince Ribbit
  4300 | D:6      | Killed Prince Ribbit
  4301 | D:6      | Reached skill level 5 in Shields
  5016 | D:6      | Reached * piety under the Shining One
  5228 | D:7      | Reached skill level 8 in Long Blades
  5792 | D:7      | Found a stormy altar of Qazlal.
  5803 | D:7      | Reached skill level 9 in Long Blades
  5803 | D:7      | Reached XP level 9. HP: 66/75 MP: 8/8
  5811 | D:7      | Found a shimmering altar of Xom.
  5812 | D:7      | Found a bloodstained altar of Trog.
  5812 | D:7      | Found a basalt altar of Yredelemnul.
  5812 | D:7      | Found an iron altar of Okawaru.
  5812 | D:7      | Found a shadowy altar of Dithmenos.
  5813 | D:7      | Found a snail-covered altar of Cheibriados.
  5815 | D:7      | Found a white marble altar of Elyvilon.
  5817 | D:7      | Found a radiant altar of Vehumet.
  5938 | D:8      | Found a flagged portal.
  5959 | Bailey   | Entered a bailey
  6038 | Bailey   | Reached skill level 5 in Dodging
  6251 | Bailey   | Noticed an orc knight
  6262 | Bailey   | Slain by an orc knight

Illustrated notes

Levels and vault maps discovered:
D:1:      matt_arrival_refuge, layout_rooms
D:2:      layout_rooms, serial_shops, shop, minmay_liquid_box,
          serial_bayou_lagoon_b
D:3:      layout_basic, ebering_ecumenical_altar_webs, serial_shops,
          nicolae_shop_window_shopping
D:4:      layout_rooms, serial_shops, nicolae_shop_waterfront,
          palyth_stone_intersect, minmay_bisected
D:5:      layout_rooms, mainiacjoe_overflow_tiny_flanked,
          minmay_temple_entry_statues_pillars, columned_hall_lemuel
D:6:      layout_basic, minmay_manual_mail, uniq_prince_ribbit1
D:7:      layout_basic, minitemple
D:8:      layout_basic, enter_bailey_5, small_statue_intersection
Temple:   minmay_temple_curvy_loop
Bailey:   bailey_polearm_2, bailey

Skill      XL: |  1  2  3  4  5  6  7  8  9 |
---------------+----------------------------+-----
Armour         | 4 5 6 7 |  7.4
Shields        | 4 5 7 |  7.0
Fighting       | 4 5 6 |  6.6
Long Blades    | 3 4 5 6 7 9 |  9.9
Dodging        | 1 2 3 4 5 |  5.4
Stealth        | 1 |  1.9
Evocations     | |  0.2

Action                   |  1- 3 |  4- 6 |  7- 9 || total
-------------------------+-------+-------+-------++-------
Melee: Long sword        |    72 |    83 |   187 ||   342
       Headbutt          |     8 |    13 |    41 ||    62
Evoke: Wand              |       |       |     2 ||     2
  Use: Scroll            |     4 |     4 |     7 ||    15
       Potion            |       |       |     1 ||     1
Armor: Scale mail        |     2 |       |       ||     2
       Ring mail         |    46 |    51 |    93 ||   190
Dodge: Dodged            |    49 |    61 |   134 ||   244
Block: Buckler           |    19 |    15 |    16 ||    50
       Kite shield       |       |       |   134 ||   134

Table legend: (Time is in decaauts)
 A = Elapsed time spent in this place.
 B = Non-inter-level travel time spent in this place.
 C = Inter-level travel time spent in this place.
 D = Time resting spent in this place.
 E = Time spent auto-exploring this place.
 F = Levels seen in this place.
 G = Mean time per level.
                   A        B        C        D        E       F      G
               +--------+--------+--------+--------+--------+-----+--------+
         Total |   6325 |   5886 |    439 |    102 |   4544 |  10 |  632.5 |
       Dungeon |   5834 |   5479 |    355 |    100 |   4450 |   8 |  729.2 |
        Temple |    183 |     99 |     84 |      0 |     94 |   1 |  183.0 |
        Bailey |    307 |    307 |      0 |      2 |      0 |   1 |  307.0 |
               +--------+--------+--------+--------+--------+-----+--------+

Top non-repeatable levels by time:
     D:6: 1055 daAuts
     D:5: 912 daAuts
     D:2: 884 daAuts
     D:3: 828 daAuts
     D:1: 771 daAuts
     D:7: 702 daAuts
     D:4: 629 daAuts
  Bailey: 307 daAuts
  Temple: 183 daAuts
     D:8: 49 daAuts
